 Dungeon Crawl Stone Soup version 0.18.1-6-gd335043 (webtiles) character file.

127 mistymad the Covered (level 5, -6/33 HPs)
             Began as a Gargoyle Fighter on May 20, 2016.
             Was an Initiate of Okawaru.
             Mangled by an ogre
             ... wielding a +0 giant spiked club
              (26 damage)
             ... on level 4 of the Dungeon.
             The game lasted 00:06:55 (2679 turns).

mistymad the Covered (Gargoyle Fighter)             Turns: 2679, Time: 00:06:55

Health: -6/33      AC: 12    Str: 19    XL:     5   Next: 11%
Magic:  5/5        EV:  7    Int:  9    God:    Okawaru [......]
Gold:   183        SH:  9    Dex: 10    Spells: 0 memorised, 4 levels left

rFire  . . .     SeeInvis .     a - +0 flail
rCold  . . .     Gourm    .     b - +0 scale mail
rNeg   + . .     Faith    .     c - +0 shield
rPois  ∞         Spirit   .     q - +0 helmet (curse)
rElec  +         Dismiss  .     (no cloak)
rCorr  .         Reflect  .     (no gloves)
SustAt .         Harm     .     (no boots)
MR     .....                    (no amulet)
Stlth  ..........               (no ring)
                                (no ring)

@: not resistant to hostile enchantments, extremely unstealthy
A: negative energy resistance 1, electricity resistance, unbreathing,
petrification resistance, rot immunity, AC +4
a: Renounce Religion


You were on level 4 of the Dungeon.
You worshipped Okawaru.
Okawaru was noncommittal.
You were hungry.

You visited 1 branch of the dungeon, and saw 4 of its levels.

You collected 183 gold pieces.

Inventory:

Hand Weapons
 a - a +0 flail (weapon)
Armour
 b - a +0 scale mail (worn)
 c - a +0 shield (worn)
 n - a +0 hat
 q - a cursed +0 helmet (worn)
Jewellery
 k - an uncursed ring of sustain attributes {unknown}
 l - an uncursed amulet of guardian spirit {unknown}
 u - a +1 ring of slaying {unknown}
 v - an uncursed ring of wizardry {unknown}
Scrolls
 e - 2 scrolls of recharging {unknown}
 h - 5 scrolls of identify {unknown}
 j - 2 scrolls of remove curse {unknown}
 p - a scroll of noise {unknown}
 s - 3 scrolls of fear {unknown}
Potions
 d - 2 potions of might
 i - a potion of flight {unknown}
 o - a potion of haste {unknown}
 t - a potion of lignification {unknown}
Comestibles
 f - 2 bread rations
 m - 2 meat rations
 r - a slice of pizza


   Skills:
 + Level 4.1 Fighting
 + Level 2.5 Maces & Flails
 + Level 4.2 Armour
 + Level 1.3 Dodging
 + Level 3.9 Shields


You had 4 spell levels left.
You didn't know any spells.

Dungeon Overview and Level Annotations

Branches:
Dungeon (4/15)
 Temple: D:4-7

Altars:
Kikubaaqudgha
Nemelex Xobeh
Okawaru
The Shining One

Annotations:
D:4 Sigmund


Innate Abilities, Weirdness & Mutations

You are resistant to torment.
Your stone body is resilient (AC +4).
You are immune to poison.
You resist negative energy.
You are resistant to electric shocks.
You can survive without breathing.
You are immune to petrification.
You are immune to rotting.


Message History

The ogre shouts!
Found a giant club.
You hit the ogre.
The ogre is lightly wounded.
The ogre barely misses you.
You hit the ogre.
The ogre is moderately wounded.
You block the ogre's attack.
You hit the ogre.
The ogre is moderately wounded.
The ogre hits you but does no damage.
You hit the ogre.
The ogre is heavily wounded.
You are feeling hungry.
The ogre hits you with a giant spiked club!
You hit the ogre.
The ogre is severely wounded.
The ogre hits you with a giant spiked club!!
Ouch! That really hurt!
You die...

###### #....#
#)...# #.... ...
#####O# #.. #@#
#.###.####.#
#..........#
####..##.##......
#.........+ ....#
#...#..#.## ...#
#....#.#... ###
#....#.#####
##.....#


You could see an ogre.

Vanquished Creatures
  Robin (D:3)
  An adder (D:2)
  An ooze (D:3)
  4 worms
  4 dart slugs
  4 giant geckos
  2 orcs (D:3)
  19 goblins
  7 hobgoblins
  7 jackals
  6 bats
  5 giant newts
  7 kobolds
  8 rats
76 creatures vanquished.

Notes
Turn   | Place    | Note
--------------------------------------------------------------
     0 | D:1      | mistymad the Gargoyle Fighter began the quest for the Orb.
     0 | D:1      | Reached XP level 1. HP: 14/14 MP: 1/1
   152 | D:1      | Reached XP level 2. HP: 16/19 MP: 2/2
   754 | D:2      | Reached XP level 3. HP: 17/24 MP: 3/3
  1107 | D:2      | Found an iron altar of Okawaru.
  1122 | D:2      | Became a worshipper of Warmaster Okawaru
  1133 | D:2      | Found an ancient bone altar of Kikubaaqudgha.
  1634 | D:3      | Noticed Robin
  1634 | D:3      | Reached XP level 4. HP: 29/29 MP: 4/4
  1826 | D:3      | Killed Robin
  1876 | D:3      | Reached skill level 1 in Dodging
  2017 | D:3      | Found a glowing golden altar of the Shining One.
  2039 | D:3      | Reached XP level 5. HP: 24/33 MP: 5/5
  2227 | D:3      | Found a sparkling altar of Nemelex Xobeh.
  2246 | D:3      | Found a faded altar to an unknown god.
  2532 | D:4      | Noticed Sigmund
  2674 | D:4      | Noticed an ogre
  2679 | D:4      | Mangled by an ogre

Skill      XL: |  1  2  3  4 |
---------------+-------------+-----
Armour         | 4 |  4.2
Fighting       | 4 |  4.1
Dodging        | 1 |  1.3
Maces & Flails | |  2.5
Shields        | |  3.9

Action                   |  1- 3 |  4- 6 || total
-------------------------+-------+-------++-------
Melee: Flail             |   173 |   158 ||   331
  Eat: Chunk             |     3 |     3 ||     6
Armor: Scale mail        |    78 |    93 ||   171
Dodge: Dodged            |    46 |    68 ||   114
Block: Shield            |   110 |   100 ||   210
